Workbook
Name DESC: 'Lista de Precios'!$G$4

Sheet Lista de Precios
D3: LISTA DE PRECIOS 1 | G3: SUJETA A CAMBIOS SIN PREVIO AVISO
D4: Fecha de Emisión: | E4: 46308 | G4: 0 | H4: DESCUENTO
D5: Fecha de factura: | E5: =TODAY() -> 46314 | G5: CLIENTE:
D6: PRESUPUESTO VALIDO POR 72 Hs. | G6: ENVIOS A TODO EL PAÍS
D7: Mail: diferventas@outlook.com Tel: 1130369917 www.diferventas.com
A9: ADHESIVOS
A10: CÓDIGO | B10: CODIGO | C10: DENOMINACIÓN | D10: PRESENTACIÓN | E10: PRECIO LISTA | F10: PRECIO CON | G10: CANTIDAD | H10: DESCUENTO | I10: SUBTOTAL
B11: PROVEEDOR | D11: POR BULTO | E11: UNITARIO S/IVA | F11: DESCUENTO | H11: ADICIONAL
F12: =E12-(E12*DESC) -> 0 | H12: % | I12: =F12*G12 -> 0
A13: 13002 | B13: CONGO | C13: =VLOOKUP(A13,Datos!$A$10:$E$1594,3,FALSE) -> ADHESIVO VINILICO 500 gr | D13: =VLOOKUP(A13,Datos!$A$10:$E$1594,4,FALSE) -> 12 | E13: =VLOOKUP(A13,Datos!$A$10:$E$1594,5,FALSE) -> 3526.4 | F13: =E13-(E13*DESC) -> 3526.4 | I13: =(F13-F13*H13/100)*G13 -> 0
A14: 5100 | B14: TF3 | C14: =VLOOKUP(A14,Datos!$A$10:$E$1594,3,FALSE) -> ADHESIVO VINILICO 125 G | D14: =VLOOKUP(A14,Datos!$A$10:$E$1594,4,FALSE) -> 12 | E14: =VLOOKUP(A14,Datos!$A$10:$E$1594,5,FALSE) -> 1182.52 | F14: =E14-(E14*DESC) -> 1182.52 | I14: =(F14-F14*H14/100)*G14 -> 0
A15: 5101 | B15: TF3 | C15: =VLOOKUP(A15,Datos!$A$10:$E$1594,3,FALSE) -> ADHESIVO VINILICO 250 G | D15: =VLOOKUP(A15,Datos!$A$10:$E$1594,4,FALSE) -> 12 | E15: =VLOOKUP(A15,Datos!$A$10:$E$1594,5,FALSE) -> 1987.28 | F15: =E15-(E15*DESC) -> 1987.28 | I15: =(F15-F15*H15/100)*G15 -> 0
A16: 5102 | B16: TF3 | C16: =VLOOKUP(A16,Datos!$A$10:$E$1594,3,FALSE) -> ADHESIVO VINILICO 500 G | D16: =VLOOKUP(A16,Datos!$A$10:$E$1594,4,FALSE) -> 12 | E16: =VLOOKUP(A16,Datos!$A$10:$E$1594,5,FALSE) -> 3444.29 | F16: =E16-(E16*DESC) -> 3444.29 | I16: =(F16-F16*H16/100)*G16 -> 0
A17: 5103 | B17: TF3 | C17: =VLOOKUP(A17,Datos!$A$10:$E$1594,3,FALSE) -> ADHESIVO VINILICO 1000 G | D17: =VLOOKUP(A17,Datos!$A$10:$E$1594,4,FALSE) -> 6 | E17: =VLOOKUP(A17,Datos!$A$10:$E$1594,5,FALSE) -> 6332.45 | F17: =E17-(E17*DESC) -> 6332.45 | I17: =(F17-F17*H17/100)*G17 -> 0
A18: 8022 | B18: PEGALO | C18: =VLOOKUP(A18,Datos!$A$10:$E$1594,3,FALSE) -> ADHESIVO DE CONTACTO 125cc | D18: =VLOOKUP(A18,Datos!$A$10:$E$1594,4,FALSE) -> 24 | E18: =VLOOKUP(A18,Datos!$A$10:$E$1594,5,FALSE) -> 3307.76 | F18: =E18-(E18*DESC) -> 3307.76 | I18: =(F18-F18*H18/100)*G18 -> 0
A19: 8023 | B19: PEGALO | C19: =VLOOKUP(A19,Datos!$A$10:$E$1594,3,FALSE) -> ADHESIVO DE CONTACTO 250cc | D19: =VLOOKUP(A19,Datos!$A$10:$E$1594,4,FALSE) -> 12 | E19: =VLOOKUP(A19,Datos!$A$10:$E$1594,5,FALSE) -> 4134.65 | F19: =E19-(E19*DESC) -> 4134.65 | I19: =(F19-F19*H19/100)*G19 -> 0
A20: 8024 | B20: PEGALO | C20: =VLOOKUP(A20,Datos!$A$10:$E$1594,3,FALSE) -> ADHESIVO DE CONTACTO 500cc | D20: =VLOOKUP(A20,Datos!$A$10:$E$1594,4,FALSE) -> 6 | E20: =VLOOKUP(A20,Datos!$A$10:$E$1594,5,FALSE) -> 7726.73 | F20: =E20-(E20*DESC) -> 7726.73 | I20: =(F20-F20*H20/100)*G20 -> 0
A21: 5099 | B21: TF3 | C21: =VLOOKUP(A21,Datos!$A$10:$E$1594,3,FALSE) -> ADHESIVO CONTACTO 50 CC (POMO) | D21: =VLOOKUP(A21,Datos!$A$10:$E$1594,4,FALSE) -> 24 | E21: =VLOOKUP(A21,Datos!$A$10:$E$1594,5,FALSE) -> 2089.67 | F21: =E21-(E21*DESC) -> 2089.67 | I21: =(F21-F21*H21/100)*G21 -> 0
A22: 13008 | B22: CONGO | C22: =VLOOKUP(A22,Datos!$A$10:$E$1594,3,FALSE) -> ADHESIVO DE CONTACTO C-2100 40 ml | D22: =VLOOKUP(A22,Datos!$A$10:$E$1594,4,FALSE) -> 18 | E22: =VLOOKUP(A22,Datos!$A$10:$E$1594,5,FALSE) -> 2644.8 | F22: =E22-(E22*DESC) -> 2644.8 | I22: =(F22-F22*H22/100)*G22 -> 0
A23: 5017 | B23: TF3 | C23: =VLOOKUP(A23,Datos!$A$10:$E$1594,3,FALSE) -> ADHESIVO PARA PVC 60 cc | D23: =VLOOKUP(A23,Datos!$A$10:$E$1594,4,FALSE) -> 12 | E23: =VLOOKUP(A23,Datos!$A$10:$E$1594,5,FALSE) -> 1650.12 | F23: =E23-(E23*DESC) -> 1650.12 | I23: =(F23-F23*H23/100)*G23 -> 0
A24: 5018 | B24: TF3 | C24: =VLOOKUP(A24,Datos!$A$10:$E$1594,3,FALSE) -> ADHESIVO PARA PVC 110 cc | D24: =VLOOKUP(A24,Datos!$A$10:$E$1594,4,FALSE) -> 12 | E24: =VLOOKUP(A24,Datos!$A$10:$E$1594,5,FALSE) -> 2796.84 | F24: =E24-(E24*DESC) -> 2796.84 | I24: =(F24-F24*H24/100)*G24 -> 0
... A29: 8013 | B29: PEGALO | C29: =VLOOKUP(A29,Datos!$A$10:$E$1594,3,FALSE) -> CIANOACRILATO FRASCO 20 Gr | D29: =VLOOKUP(A29,Datos!$A$10:$E$1594,4,FALSE) -> 10 | E29: =VLOOKUP(A29,Datos!$A$10:$E$1594,5,FALSE) -> 3360.4 | F29: =E29-(E29*DESC) -> 3360.4 | I29: =(F29-F29*H29/100)*G29 -> 0
A30: ACCESORIOS
A31: 14182 | B31: 11546 | C31: =VLOOKUP(A31,Datos!$A$10:$E$1594,3,FALSE) -> PISTOLA APLICADORA CARTUCHO REFORZADA | D31: =VLOOKUP(A31,Datos!$A$10:$E$1594,4,FALSE) -> 0 | E31: =VLOOKUP(A31,Datos!$A$10:$E$1594,5,FALSE) -> 7538.01 | F31: =E31-(E31*DESC) -> 7538.01 | I31: =(F31-F31*H31/100)*G31 -> 0
A32: KIT DE REPARACIÓN
A33: 5082 | B33: TF3 | C33: =VLOOKUP(A33,Datos!$A$10:$E$1594,3,FALSE) -> KIT REPARACION LONAS (PILETAS) | D33: =VLOOKUP(A33,Datos!$A$10:$E$1594,4,FALSE) -> 50 | E33: =VLOOKUP(A33,Datos!$A$10:$E$1594,5,FALSE) -> 2125.92 | F33: =E33-(E33*DESC) -> 2125.92 | I33: =(F33-F33*H33/100)*G33 -> 0
A34: 14180 | B34: 9931 | C34: =VLOOKUP(A34,Datos!$A$10:$E$1594,3,FALSE) -> PARCHE BICICLETA 24u (5x3 cm) +1 PEGAMEN | D34: =VLOOKUP(A34,Datos!$A$10:$E$1594,4,FALSE) -> 10 | E34: =VLOOKUP(A34,Datos!$A$10:$E$1594,5,FALSE) -> 2095.88 | F34: =E34-(E34*DESC) -> 2095.88 | I34: =(F34-F34*H34/100)*G34 -> 0
A35: SELLADORES
A36: 5066 | B36: TF3 | C36: =VLOOKUP(A36,Datos!$A$10:$E$1594,3,FALSE) -> AEROSOL POLIURETANO 300ml | D36: =VLOOKUP(A36,Datos!$A$10:$E$1594,4,FALSE) -> 12 | E36: =VLOOKUP(A36,Datos!$A$10:$E$1594,5,FALSE) -> 7704.4 | F36: =E36-(E36*DESC) -> 7704.4 | I36: =(F36-F36*H36/100)*G36 -> 0
A37: 5016 | B37: TF3 | C37: =VLOOKUP(A37,Datos!$A$10:$E$1594,3,FALSE) -> SELLADOR DE ROSCAS 25 cc | D37: =VLOOKUP(A37,Datos!$A$10:$E$1594,4,FALSE) -> 80 | E37: =VLOOKUP(A37,Datos!$A$10:$E$1594,5,FALSE) -> 1372.47 | F37: =E37-(E37*DESC) -> 1372.47 | I37: =(F37-F37*H37/100)*G37 -> 0
A38: 5095 | B38: TF3 | C38: =VLOOKUP(A38,Datos!$A$10:$E$1594,3,FALSE) -> SELLADOR DE SILICONA 25 cm3 | D38: =VLOOKUP(A38,Datos!$A$10:$E$1594,4,FALSE) -> 40 | E38: =VLOOKUP(A38,Datos!$A$10:$E$1594,5,FALSE) -> 1694.05 | F38: =E38-(E38*DESC) -> 1694.05 | I38: =(F38-F38*H38/100)*G38 -> 0
A39: 8005 | B39: PEGALO | C39: =VLOOKUP(A39,Datos!$A$10:$E$1594,3,FALSE) -> ADHESIVO SILICONADO BARRAS FINO 7 * 300 | D39: =VLOOKUP(A39,Datos!$A$10:$E$1594,4,FALSE) -> 0 | E39: =VLOOKUP(A39,Datos!$A$10:$E$1594,5,FALSE) -> 13891.82 | F39: =E39-(E39*DESC) -> 13891.82 | I39: =(F39-F39*H39/100)*G39 -> 0
A40: 8006 | B40: PEGALO | C40: =VLOOKUP(A40,Datos!$A$10:$E$1594,3,FALSE) -> ADHESIVO SILICONADO BARRAS GRUESO 11*300 | D40: =VLOOKUP(A40,Datos!$A$10:$E$1594,4,FALSE) -> 0 | E40: =VLOOKUP(A40,Datos!$A$10:$E$1594,5,FALSE) -> 13891.82 | F40: =E40-(E40*DESC) -> 13891.82 | I40: =(F40-F40*H40/100)*G40 -> 0
A41: 8001 | B41: PEGALO | C41: =VLOOKUP(A41,Datos!$A$10:$E$1594,3,FALSE) -> SELLADOR SILICONA BLANCA CARTUCHO 280cc | D41: =VLOOKUP(A41,Datos!$A$10:$E$1594,4,FALSE) -> 24 | E41: =VLOOKUP(A41,Datos!$A$10:$E$1594,5,FALSE) -> 4122.32 | F41: =E41-(E41*DESC) -> 4122.32 | I41: =(F41-F41*H41/100)*G41 -> 0
A42: 8003 | B42: PEGALO | C42: =VLOOKUP(A42,Datos!$A$10:$E$1594,3,FALSE) -> SELLADOR SILICONAS ALTA TEMP CART 280 cc | D42: =VLOOKUP(A42,Datos!$A$10:$E$1594,4,FALSE) -> 24 | E42: =VLOOKUP(A42,Datos!$A$10:$E$1594,5,FALSE) -> 5700.32 | F42: =E42-(E42*DESC) -> 5700.32 | I42: =(F42-F42*H42/100)*G42 -> 0
A43: 8004 | B43: PEGALO | C43: =VLOOKUP(A43,Datos!$A$10:$E$1594,3,FALSE) -> SELLADOR SILICONA NEUTRA CARTUCHO 280 cc | D43: =VLOOKUP(A43,Datos!$A$10:$E$1594,4,FALSE) -> 24 | E43: =VLOOKUP(A43,Datos!$A$10:$E$1594,5,FALSE) -> 5246.22 | F43: =E43-(E43*DESC) -> 5246.22 | I43: =(F43-F43*H43/100)*G43 -> 0
A44: 8018 | B44: PEGALO | C44: =VLOOKUP(A44,Datos!$A$10:$E$1594,3,FALSE) -> ADHESIVO SELLADOR ZINGUERIA 280cc | D44: =VLOOKUP(A44,Datos!$A$10:$E$1594,4,FALSE) -> 24 | E44: =VLOOKUP(A44,Datos!$A$10:$E$1594,5,FALSE) -> 5810.05 | F44: =E44-(E44*DESC) -> 5810.05 | I44: =(F44-F44*H44/100)*G44 -> 0
A45: 8019 | B45: PEGALO | C45: =VLOOKUP(A45,Datos!$A$10:$E$1594,3,FALSE) -> SELLADOR SILICONA NEGRA CARTUCHO 280cc | D45: =VLOOKUP(A45,Datos!$A$10:$E$1594,4,FALSE) -> 24 | E45: =VLOOKUP(A45,Datos!$A$10:$E$1594,5,FALSE) -> 4122.32 | F45: =E45-(E45*DESC) -> 4122.32 | I45: =(F45-F45*H45/100)*G45 -> 0
A46: 8026 | B46: PEGALO | C46: =VLOOKUP(A46,Datos!$A$10:$E$1594,3,FALSE) -> SELLADOR ACRILICO 280cc PINTABLE | D46: =VLOOKUP(A46,Datos!$A$10:$E$1594,4,FALSE) -> 24 | E46: =VLOOKUP(A46,Datos!$A$10:$E$1594,5,FALSE) -> 3398.53 | F46: =E46-(E46*DESC) -> 3398.53 | I46: =(F46-F46*H46/100)*G46 -> 0
A47: 8021 | B47: PEGALO | C47: =VLOOKUP(A47,Datos!$A$10:$E$1594,3,FALSE) -> SELLADOR SILICONA TRANSPARENTE CARTUCHO | D47: =VLOOKUP(A47,Datos!$A$10:$E$1594,4,FALSE) -> 24 | E47: =VLOOKUP(A47,Datos!$A$10:$E$1594,5,FALSE) -> 4122.32 | F47: =E47-(E47*DESC) -> 4122.32 | I47: =(F47-F47*H47/100)*G47 -> 0
A48: CABOS
A49: 22000 | B49: MOISES | C49: =VLOOKUP(A49,Datos!$A$10:$E$1594,3,FALSE) -> CABO HACHITA VIZCAINA 35cm | D49: =VLOOKUP(A49,Datos!$A$10:$E$1594,4,FALSE) -> 12 | E49: =VLOOKUP(A49,Datos!$A$10:$E$1594,5,FALSE) -> 2126.87 | F49: =E49-(E49*DESC) -> 2126.87 | I49: =(F49-F49*H49/100)*G49 -> 0
A50: 22001 | B50: MOISES | C50: =VLOOKUP(A50,Datos!$A$10:$E$1594,3,FALSE) -> CABO MARTILLO CARPINTERO 30cm | D50: =VLOOKUP(A50,Datos!$A$10:$E$1594,4,FALSE) -> 12 | E50: =VLOOKUP(A50,Datos!$A$10:$E$1594,5,FALSE) -> 723.94 | F50: =E50-(E50*DESC) -> 723.94 | I50: =(F50-F50*H50/100)*G50 -> 0
A51: 22006 | B51: MOISES | C51: =VLOOKUP(A51,Datos!$A$10:$E$1594,3,FALSE) -> CABO BIFERA | D51: =VLOOKUP(A51,Datos!$A$10:$E$1594,4,FALSE) -> 0 | E51: =VLOOKUP(A51,Datos!$A$10:$E$1594,5,FALSE) -> 990.84 | F51: =E51-(E51*DESC) -> 990.84 | I51: =(F51-F51*H51/100)*G51 -> 0
A52: 22015 | B52: MOISES | C52: =VLOOKUP(A52,Datos!$A$10:$E$1594,3,FALSE) -> CABO PALA 70cm EMP/MET | D52: =VLOOKUP(A52,Datos!$A$10:$E$1594,4,FALSE) -> 12 | E52: =VLOOKUP(A52,Datos!$A$10:$E$1594,5,FALSE) -> 4341.18 | F52: =E52-(E52*DESC) -> 4341.18 | I52: =(F52-F52*H52/100)*G52 -> 0
A53: 22016 | B53: MOISES | C53: =VLOOKUP(A53,Datos!$A$10:$E$1594,3,FALSE) -> CABO HACHA VIZCAINA 90cm | D53: =VLOOKUP(A53,Datos!$A$10:$E$1594,4,FALSE) -> 12 | E53: =VLOOKUP(A53,Datos!$A$10:$E$1594,5,FALSE) -> 6547.75 | F53: =E53-(E53*DESC) -> 6547.75 | I53: =(F53-F53*H53/100)*G53 -> 0
A54: 22017 | B54: MOISES | C54: =VLOOKUP(A54,Datos!$A$10:$E$1594,3,FALSE) -> CABO PICO 90cm | D54: =VLOOKUP(A54,Datos!$A$10:$E$1594,4,FALSE) -> 12 | E54: =VLOOKUP(A54,Datos!$A$10:$E$1594,5,FALSE) -> 6081.12 | F54: =E54-(E54*DESC) -> 6081.12 | I54: =(F54-F54*H54/100)*G54 -> 0
A55: 22018 | B55: MOISES | C55: =VLOOKUP(A55,Datos!$A$10:$E$1594,3,FALSE) -> CABO AZADA 135cm | D55: =VLOOKUP(A55,Datos!$A$10:$E$1594,4,FALSE) -> 12 | E55: =VLOOKUP(A55,Datos!$A$10:$E$1594,5,FALSE) -> 7430.16 | F55: =E55-(E55*DESC) -> 7430.16 | I55: =(F55-F55*H55/100)*G55 -> 0
A56: 22019 | B56: MOISES | C56: =VLOOKUP(A56,Datos!$A$10:$E$1594,3,FALSE) -> CABO MAZA 35cm | D56: =VLOOKUP(A56,Datos!$A$10:$E$1594,4,FALSE) -> 12 | E56: =VLOOKUP(A56,Datos!$A$10:$E$1594,5,FALSE) -> 997.37 | F56: =E56-(E56*DESC) -> 997.37 | I56: =(F56-F56*H56/100)*G56 -> 0
A57: 22020 | B57: MOISES | C57: =VLOOKUP(A57,Datos!$A$10:$E$1594,3,FALSE) -> CABO MAZA 90cm | D57: =VLOOKUP(A57,Datos!$A$10:$E$1594,4,FALSE) -> 12 | E57: =VLOOKUP(A57,Datos!$A$10:$E$1594,5,FALSE) -> 3870.87 | F57: =E57-(E57*DESC) -> 3870.87 | I57: =(F57-F57*H57/100)*G57 -> 0
A58: 22021 | B58: MOISES | C58: =VLOOKUP(A58,Datos!$A$10:$E$1594,3,FALSE) -> CABO MARTILLO GALPONERO 60cm | D58: =VLOOKUP(A58,Datos!$A$10:$E$1594,4,FALSE) -> 12 | E58: =VLOOKUP(A58,Datos!$A$10:$E$1594,5,FALSE) -> 3747.27 | F58: =E58-(E58*DESC) -> 3747.27 | I58: =(F58-F58*H58/100)*G58 -> 0
A59: 22022 | B59: MOISES | C59: =VLOOKUP(A59,Datos!$A$10:$E$1594,3,FALSE) -> CABO MARTILLO GALPONERO 35cm | D59: =VLOOKUP(A59,Datos!$A$10:$E$1594,4,FALSE) -> 12 | E59: =VLOOKUP(A59,Datos!$A$10:$E$1594,5,FALSE) -> 1727.72 | F59: =E59-(E59*DESC) -> 1727.72 | I59: =(F59-F59*H59/100)*G59 -> 0
A60: 22029 | B60: MOISES | C60: =VLOOKUP(A60,Datos!$A$10:$E$1594,3,FALSE) -> CABO RASTRILLO 1,5m | D60: =VLOOKUP(A60,Datos!$A$10:$E$1594,4,FALSE) -> 12 | E60: =VLOOKUP(A60,Datos!$A$10:$E$1594,5,FALSE) -> 6833.4 | F60: =E60-(E60*DESC) -> 6833.4 | I60: =(F60-F60*H60/100)*G60 -> 0
A61: 22032 | B61: MOISES | C61: CABO ESCOBA C/ROSCA 1,20cm | D61: =VLOOKUP(A61,Datos!$A$10:$E$1594,4,FALSE) -> 24 | E61: =VLOOKUP(A61,Datos!$A$10:$E$1594,5,FALSE) -> 1339.77 | F61: =E61-(E61*DESC) -> 1339.77 | I61: =(F61-F61*H61/100)*G61 -> 0
A62: CANDADOS
A63: 18057 | B63: EVOL0183 | C63: =VLOOKUP(A63,Datos!$A$10:$E$1594,3,FALSE) -> ESLINGA FORRADA BIBICLETA 1,20 mts | D63: =VLOOKUP(A63,Datos!$A$10:$E$1594,4,FALSE) -> 0 | E63: =VLOOKUP(A63,Datos!$A$10:$E$1594,5,FALSE) -> 5430.84 | F63: =E63-(E63*DESC) -> 5430.84 | I63: =(F63-F63*H63/100)*G63 -> 0
A64: 14063 | B64: 8799 | C64: =VLOOKUP(A64,Datos!$A$10:$E$1594,3,FALSE) -> GANCHO CON PASA CANDADO | D64: =VLOOKUP(A64,Datos!$A$10:$E$1594,4,FALSE) -> 50 | E64: =VLOOKUP(A64,Datos!$A$10:$E$1594,5,FALSE) -> 1173.17 | F64: =E64-(E64*DESC) -> 1173.17 | I64: =(F64-F64*H64/100)*G64 -> 0
A65: 18046 | B65: EVOL3110 | C65: =VLOOKUP(A65,Datos!$A$10:$E$1594,3,FALSE) -> CANDADO BRONCEADO 20mm DUBAI | D65: =VLOOKUP(A65,Datos!$A$10:$E$1594,4,FALSE) -> 12 | E65: =VLOOKUP(A65,Datos!$A$10:$E$1594,5,FALSE) -> 1860.63 | F65: =E65-(E65*DESC) -> 1860.63 | I65: =(F65-F65*H65/100)*G65 -> 0
A66: 18036 | B66: EVOL3185 | C66: =VLOOKUP(A66,Datos!$A$10:$E$1594,3,FALSE) -> CANDADO C/COMBINACION 35mm | D66: =VLOOKUP(A66,Datos!$A$10:$E$1594,4,FALSE) -> 0 | E66: =VLOOKUP(A66,Datos!$A$10:$E$1594,5,FALSE) -> 5341.15 | F66: =E66-(E66*DESC) -> 5341.15 | I66: =(F66-F66*H66/100)*G66 -> 0
A67: 18061 | B67: EVOL1500 | C67: =VLOOKUP(A67,Datos!$A$10:$E$1594,3,FALSE) -> CANDADO BLINDADO PERNO HORIZ 60mm | D67: =VLOOKUP(A67,Datos!$A$10:$E$1594,4,FALSE) -> 12 | E67: =VLOOKUP(A67,Datos!$A$10:$E$1594,5,FALSE) -> 9233.87 | F67: =E67-(E67*DESC) -> 9233.87 | I67: =(F67-F67*H67/100)*G67 -> 0
A68: 3555 | B68: PROLL | C68: =VLOOKUP(A68,Datos!$A$10:$E$1594,3,FALSE) -> CANDADO kronos 60 (4 llaves codif.)(prot | D68: =VLOOKUP(A68,Datos!$A$10:$E$1594,4,FALSE) -> 6 | E68: =VLOOKUP(A68,Datos!$A$10:$E$1594,5,FALSE) -> 16945.4 | F68: =E68-(E68*DESC) -> 16945.4 | I68: =(F68-F68*H68/100)*G68 -> 0
A69: 3558 | B69: PROLL | C69: =VLOOKUP(A69,Datos!$A$10:$E$1594,3,FALSE) -> CANDADO PROLL 700 BRONCE 25mm | D69: =VLOOKUP(A69,Datos!$A$10:$E$1594,4,FALSE) -> 0 | E69: =VLOOKUP(A69,Datos!$A$10:$E$1594,5,FALSE) -> 6376.23 | F69: =E69-(E69*DESC) -> 6376.23 | I69: =(F69-F69*H69/100)*G69 -> 0
A70: 3559 | B70: PROLL | C70: =VLOOKUP(A70,Datos!$A$10:$E$1594,3,FALSE) -> CANDADO PROLL 700 BRONCE 30mm | D70: =VLOOKUP(A70,Datos!$A$10:$E$1594,4,FALSE) -> 0 | E70: =VLOOKUP(A70,Datos!$A$10:$E$1594,5,FALSE) -> 8132.81 | F70: =E70-(E70*DESC) -> 8132.81 | I70: =(F70-F70*H70/100)*G70 -> 0
A71: 3563 | B71: PROLL | C71: =VLOOKUP(A71,Datos!$A$10:$E$1594,3,FALSE) -> CANDADO PLATINO ARO LARGO PROLL 30 | D71: =VLOOKUP(A71,Datos!$A$10:$E$1594,4,FALSE) -> 6 | E71: =VLOOKUP(A71,Datos!$A$10:$E$1594,5,FALSE) -> 6315.95 | F71: =E71-(E71*DESC) -> 6315.95 | I71: =(F71-F71*H71/100)*G71 -> 0
A72: 3566 | B72: PROLL | C72: =VLOOKUP(A72,Datos!$A$10:$E$1594,3,FALSE) -> CANDADO PLATINO ARO LARGO PROLL 60 | D72: =VLOOKUP(A72,Datos!$A$10:$E$1594,4,FALSE) -> 6 | E72: =VLOOKUP(A72,Datos!$A$10:$E$1594,5,FALSE) -> 15778.59 | F72: =E72-(E72*DESC) -> 15778.59 | I72: =(F72-F72*H72/100)*G72 -> 0
A73: 3568 | B73: PROLL | C73: =VLOOKUP(A73,Datos!$A$10:$E$1594,3,FALSE) -> CANDADO PLATINO D/TRABA PROLL 30 | D73: =VLOOKUP(A73,Datos!$A$10:$E$1594,4,FALSE) -> 6 | E73: =VLOOKUP(A73,Datos!$A$10:$E$1594,5,FALSE) -> 5562.77 | F73: =E73-(E73*DESC) -> 5562.77 | I73: =(F73-F73*H73/100)*G73 -> 0
A74: 3569 | B74: PROLL | C74: =VLOOKUP(A74,Datos!$A$10:$E$1594,3,FALSE) -> CANDADO PLATINO D/TRABA PROLL 40 | D74: =VLOOKUP(A74,Datos!$A$10:$E$1594,4,FALSE) -> 6 | E74: =VLOOKUP(A74,Datos!$A$10:$E$1594,5,FALSE) -> 6755.84 | F74: =E74-(E74*DESC) -> 6755.84 | I74: =(F74-F74*H74/100)*G74 -> 0
A75: 3572 | B75: PROLL | C75: =VLOOKUP(A75,Datos!$A$10:$E$1594,3,FALSE) -> CANDADO TITANIO ARO LARGO PROLL 30 | D75: =VLOOKUP(A75,Datos!$A$10:$E$1594,4,FALSE) -> 6 | E75: =VLOOKUP(A75,Datos!$A$10:$E$1594,5,FALSE) -> 6166.75 | F75: =E75-(E75*DESC) -> 6166.75 | I75: =(F75-F75*H75/100)*G75 -> 0
A76: 3573 | B76: PROLL | C76: =VLOOKUP(A76,Datos!$A$10:$E$1594,3,FALSE) -> CANDADO TITANIO ARO LARGO PROLL 40 | D76: =VLOOKUP(A76,Datos!$A$10:$E$1594,4,FALSE) -> 6 | E76: =VLOOKUP(A76,Datos!$A$10:$E$1594,5,FALSE) -> 7680.49 | F76: =E76-(E76*DESC) -> 7680.49 | I76: =(F76-F76*H76/100)*G76 -> 0
... A83: 3580 | B83: PROLL | C83: =VLOOKUP(A83,Datos!$A$10:$E$1594,3,FALSE) -> CANDADO TITANIO D/TRABA PROLL 60 | D83: =VLOOKUP(A83,Datos!$A$10:$E$1594,4,FALSE) -> 6 | E83: =VLOOKUP(A83,Datos!$A$10:$E$1594,5,FALSE) -> 13295.5 | F83: =E83-(E83*DESC) -> 13295.5 | I83: =(F83-F83*H83/100)*G83 -> 0
A84: CEPILLOS
A85: 14156 | C85: =VLOOKUP(A85,Datos!$A$10:$E$1594,3,FALSE) -> SET CEPILLOS BRONCE P/TALADRO X2 | D85: =VLOOKUP(A85,Datos!$A$10:$E$1594,4,FALSE) -> 0 | E85: =VLOOKUP(A85,Datos!$A$10:$E$1594,5,FALSE) -> 4960.06 | F85: =E85-(E85*DESC) -> 4960.06 | I85: =(F85-F85*H85/100)*G85 -> 0
A86: 14004 | B86: 13269 | C86: =VLOOKUP(A86,Datos!$A$10:$E$1594,3,FALSE) -> SET DE 3 CEPILLOS DE ALAMBRE (BLISTER) | D86: =VLOOKUP(A86,Datos!$A$10:$E$1594,4,FALSE) -> 0 | E86: =VLOOKUP(A86,Datos!$A$10:$E$1594,5,FALSE) -> 1999.84 | F86: =E86-(E86*DESC) -> 1999.84 | I86: =(F86-F86*H86/100)*G86 -> 0
A87: 25032 | B87: CALABRO | C87: =VLOOKUP(A87,Datos!$A$10:$E$1594,3,FALSE) -> CEPILLO ACERO C/CABO 4X19 | D87: =VLOOKUP(A87,Datos!$A$10:$E$1594,4,FALSE) -> 12 | E87: =VLOOKUP(A87,Datos!$A$10:$E$1594,5,FALSE) -> 3465.18 | F87: =E87-(E87*DESC) -> 3465.18 | I87: =(F87-F87*H87/100)*G87 -> 0
A88: 25033 | B88: CALABRO | C88: =VLOOKUP(A88,Datos!$A$10:$E$1594,3,FALSE) -> CEPILLO ACERO S/CABO 6X19 | D88: =VLOOKUP(A88,Datos!$A$10:$E$1594,4,FALSE) -> 12 | E88: =VLOOKUP(A88,Datos!$A$10:$E$1594,5,FALSE) -> 4160 | F88: =E88-(E88*DESC) -> 4160 | I88: =(F88-F88*H88/100)*G88 -> 0
A89: 3086 | B89: RHEIN | C89: =VLOOKUP(A89,Datos!$A$10:$E$1594,3,FALSE) -> CEPILLO BRONCEADO CURVO MANGO PLASTICO | D89: =VLOOKUP(A89,Datos!$A$10:$E$1594,4,FALSE) -> 12 | E89: =VLOOKUP(A89,Datos!$A$10:$E$1594,5,FALSE) -> 3683.76 | F89: =E89-(E89*DESC) -> 3683.76 | I89: =(F89-F89*H89/100)*G89 -> 0
A90: 3859 | B90: RHEIN | C90: =VLOOKUP(A90,Datos!$A$10:$E$1594,3,FALSE) -> CEPILLO REDONDO ACERO ONDULADO 100mm | D90: =VLOOKUP(A90,Datos!$A$10:$E$1594,4,FALSE) -> 12 | E90: =VLOOKUP(A90,Datos!$A$10:$E$1594,5,FALSE) -> 8684.59 | F90: =E90-(E90*DESC) -> 8684.59 | I90: =(F90-F90*H90/100)*G90 -> 0
A91: 3860 | B91: RHEIN | C91: =VLOOKUP(A91,Datos!$A$10:$E$1594,3,FALSE) -> CEPILLO REDONDO ACERO ONDULADO 125mm | D91: =VLOOKUP(A91,Datos!$A$10:$E$1594,4,FALSE) -> 12 | E91: =VLOOKUP(A91,Datos!$A$10:$E$1594,5,FALSE) -> 10101.11 | F91: =E91-(E91*DESC) -> 10101.11 | I91: =(F91-F91*H91/100)*G91 -> 0
A92: 3861 | B92: RHEIN | C92: =VLOOKUP(A92,Datos!$A$10:$E$1594,3,FALSE) -> CEPILLO REDONDO ACERO ONDULADO 150mm | D92: =VLOOKUP(A92,Datos!$A$10:$E$1594,4,FALSE) -> 12 | E92: =VLOOKUP(A92,Datos!$A$10:$E$1594,5,FALSE) -> 15321.41 | F92: =E92-(E92*DESC) -> 15321.41 | I92: =(F92-F92*H92/100)*G92 -> 0
A93: 3862 | B93: RHEIN | C93: =VLOOKUP(A93,Datos!$A$10:$E$1594,3,FALSE) -> CEPILLO REDONDO ACERO ONDULADO 175mm | D93: =VLOOKUP(A93,Datos!$A$10:$E$1594,4,FALSE) -> 12 | E93: =VLOOKUP(A93,Datos!$A$10:$E$1594,5,FALSE) -> 17883.79 | F93: =E93-(E93*DESC) -> 17883.79 | I93: =(F93-F93*H93/100)*G93 -> 0
A94: 3087 | B94: RHEIN | C94: =VLOOKUP(A94,Datos!$A$10:$E$1594,3,FALSE) -> CEPILLO ALAMBRE DE COPA TALADRO 30mm | D94: =VLOOKUP(A94,Datos!$A$10:$E$1594,4,FALSE) -> 12 | E94: =VLOOKUP(A94,Datos!$A$10:$E$1594,5,FALSE) -> 4881.9 | F94: =E94-(E94*DESC) -> 4881.9 | I94: =(F94-F94*H94/100)*G94 -> 0
A95: 3088 | B95: RHEIN | C95: =VLOOKUP(A95,Datos!$A$10:$E$1594,3,FALSE) -> CEPILLO ALAMBRE DE COPA TALADRO 50mm | D95: =VLOOKUP(A95,Datos!$A$10:$E$1594,4,FALSE) -> 12 | E95: =VLOOKUP(A95,Datos!$A$10:$E$1594,5,FALSE) -> 3558.58 | F95: =E95-(E95*DESC) -> 3558.58 | I95: =(F95-F95*H95/100)*G95 -> 0
A96: 3089 | B96: RHEIN | C96: =VLOOKUP(A96,Datos!$A$10:$E$1594,3,FALSE) -> CEPILLO ALAMBRE DE COPA TALADRO 75mm | D96: =VLOOKUP(A96,Datos!$A$10:$E$1594,4,FALSE) -> 12 | E96: =VLOOKUP(A96,Datos!$A$10:$E$1594,5,FALSE) -> 4613.69 | F96: =E96-(E96*DESC) -> 4613.69 | I96: =(F96-F96*H96/100)*G96 -> 0
A97: 3865 | B97: RHEIN | C97: =VLOOKUP(A97,Datos!$A$10:$E$1594,3,FALSE) -> CEPILLO ALAMBRE PLANO TALADRO 100mm | D97: =VLOOKUP(A97,Datos!$A$10:$E$1594,4,FALSE) -> 12 | E97: =VLOOKUP(A97,Datos!$A$10:$E$1594,5,FALSE) -> 4298.47 | F97: =E97-(E97*DESC) -> 4298.47 | I97: =(F97-F97*H97/100)*G97 -> 0
A98: 3090 | B98: RHEIN | C98: =VLOOKUP(A98,Datos!$A$10:$E$1594,3,FALSE) -> CEPILLO ALAMBRE PLANO TALADRO 50mm | D98: =VLOOKUP(A98,Datos!$A$10:$E$1594,4,FALSE) -> 12 | E98: =VLOOKUP(A98,Datos!$A$10:$E$1594,5,FALSE) -> 2807.54 | F98: =E98-(E98*DESC) -> 2807.54 | I98: =(F98-F98*H98/100)*G98 -> 0
... A106: 3099 | B106: RHEIN | C106: =VLOOKUP(A106,Datos!$A$10:$E$1594,3,FALSE) -> CEPILLO ALAMB CONICO ONDUL C/TUERCA 100 | D106: =VLOOKUP(A106,Datos!$A$10:$E$1594,4,FALSE) -> 12 | E106: =VLOOKUP(A106,Datos!$A$10:$E$1594,5,FALSE) -> 8923.44 | F106: =E106-(E106*DESC) -> 8923.44 | I106: =(F106-F106*H106/100)*G106 -> 0
A107: CINTAS
A108: EMBALAJE
A109: 5064 | B109: TF3 | C109: =VLOOKUP(A109,Datos!$A$10:$E$1594,3,FALSE) -> CINTA DE EMBALAJE TRANSPARENTE 40 m 48mm | D109: =VLOOKUP(A109,Datos!$A$10:$E$1594,4,FALSE) -> 36 | E109: =VLOOKUP(A109,Datos!$A$10:$E$1594,5,FALSE) -> 1146.89 | F109: =E109-(E109*DESC) -> 1146.89 | I109: =(F109-F109*H109/100)*G109 -> 0
A110: 5065 | B110: TF3 | C110: =VLOOKUP(A110,Datos!$A$10:$E$1594,3,FALSE) -> CINTA DE EMBALAJE MARRON 40 m 48mm | D110: =VLOOKUP(A110,Datos!$A$10:$E$1594,4,FALSE) -> 36 | E110: =VLOOKUP(A110,Datos!$A$10:$E$1594,5,FALSE) -> 1146.89 | F110: =E110-(E110*DESC) -> 1146.89 | I110: =(F110-F110*H110/100)*G110 -> 0
A111: 14187 | C111: =VLOOKUP(A111,Datos!$A$10:$E$1594,3,FALSE) -> MAQUINA PARA EMBALAR CORTE FACIL | D111: =VLOOKUP(A111,Datos!$A$10:$E$1594,4,FALSE) -> 0 | E111: =VLOOKUP(A111,Datos!$A$10:$E$1594,5,FALSE) -> 2901.84 | F111: =E111-(E111*DESC) -> 2901.84 | I111: =(F111-F111*H111/100)*G111 -> 0
A112: ENMASCARAR
A113: 5055 | B113: TF3 | C113: =VLOOKUP(A113,Datos!$A$10:$E$1594,3,FALSE) -> CINTA PAPEL ENMASCARAR 40 m 12 mm | D113: =VLOOKUP(A113,Datos!$A$10:$E$1594,4,FALSE) -> 72 | E113: =VLOOKUP(A113,Datos!$A$10:$E$1594,5,FALSE) -> 1262.67 | F113: =E113-(E113*DESC) -> 1262.67 | I113: =(F113-F113*H113/100)*G113 -> 0
A114: 5056 | B114: TF3 | C114: =VLOOKUP(A114,Datos!$A$10:$E$1594,3,FALSE) -> CINTA PAPEL ENMASCARAR 40 m 18 mm | D114: =VLOOKUP(A114,Datos!$A$10:$E$1594,4,FALSE) -> 48 | E114: =VLOOKUP(A114,Datos!$A$10:$E$1594,5,FALSE) -> 1893.86 | F114: =E114-(E114*DESC) -> 1893.86 | I114: =(F114-F114*H114/100)*G114 -> 0
A115: 5057 | B115: TF3 | C115: =VLOOKUP(A115,Datos!$A$10:$E$1594,3,FALSE) -> CINTA PAPEL ENMASCARAR 40 m 24 mm | D115: =VLOOKUP(A115,Datos!$A$10:$E$1594,4,FALSE) -> 36 | E115: =VLOOKUP(A115,Datos!$A$10:$E$1594,5,FALSE) -> 2525.25 | F115: =E115-(E115*DESC) -> 2525.25 | I115: =(F115-F115*H115/100)*G115 -> 0
A116: 5058 | B116: TF3 | C116: =VLOOKUP(A116,Datos!$A$10:$E$1594,3,FALSE) -> CINTA PAPEL ENMASCARAR 40 m 36 mm | D116: =VLOOKUP(A116,Datos!$A$10:$E$1594,4,FALSE) -> 24 | E116: =VLOOKUP(A116,Datos!$A$10:$E$1594,5,FALSE) -> 3787.82 | F116: =E116-(E116*DESC) -> 3787.82 | I116: =(F116-F116*H116/100)*G116 -> 0
A117: 5059 | B117: TF3 | C117: =VLOOKUP(A117,Datos!$A$10:$E$1594,3,FALSE) -> CINTA PAPEL ENMASCARAR 40 m 48 mm | D117: =VLOOKUP(A117,Datos!$A$10:$E$1594,4,FALSE) -> 18 | E117: =VLOOKUP(A117,Datos!$A$10:$E$1594,5,FALSE) -> 5050.5 | F117: =E117-(E117*DESC) -> 5050.5 | I117: =(F117-F117*H117/100)*G117 -> 0
A118: OBRA
A119: 5060 | B119: TF3 | C119: =VLOOKUP(A119,Datos!$A$10:$E$1594,3,FALSE) -> CINTA PAPEL OBRA AZUL 40 m 18 mm | D119: =VLOOKUP(A119,Datos!$A$10:$E$1594,4,FALSE) -> 48 | E119: =VLOOKUP(A119,Datos!$A$10:$E$1594,5,FALSE) -> 2737.41 | F119: =E119-(E119*DESC) -> 2737.41 | I119: =(F119-F119*H119/100)*G119 -> 0
A120: 5061 | B120: TF3 | C120: =VLOOKUP(A120,Datos!$A$10:$E$1594,3,FALSE) -> CINTA PAPEL OBRA AZUL 40 m 24 mm | D120: =VLOOKUP(A120,Datos!$A$10:$E$1594,4,FALSE) -> 36 | E120: =VLOOKUP(A120,Datos!$A$10:$E$1594,5,FALSE) -> 3649.95 | F120: =E120-(E120*DESC) -> 3649.95 | I120: =(F120-F120*H120/100)*G120 -> 0
...

Sheet Datos
A1: DIFER | D1: Lista de Precios
A2: VENTA | D2: Fecha de Emisión:13/10/2026
A5: diferventas@outlook.com.ar
A6: WWW.DIFERVENTAS.COM | E6: Precio de Lista 1
A8: Código | B8: Cód.Proveedor | C8: Denominación | D8: Presentación | E8: Precio s/IVA | G8: Fecha
C11: ADHESIVOS
A12: 13002 | B12: CONGO | C12: ADHESIVO VINILICO 500 gr | D12: 12 | E12: 3526.4 | G12: 46050
A13: 13008 | B13: CONGO | C13: ADHESIVO DE CONTACTO C-2100 40 ml | D13: 18 | E13: 2644.8 | G13: 46050
A14: 14180 | B14: 9931 | C14: PARCHE BICICLETA 24u (5x3 cm) +1 PEGAMEN | D14: 10 | E14: 2095.88 | G14: 46297
A15: 5017 | B15: TF3 | C15: ADHESIVO PARA PVC 60 cc | D15: 12 | E15: 1650.12 | G15: 46273
A16: 5018 | B16: TF3 | C16: ADHESIVO PARA PVC 110 cc | D16: 12 | E16: 2796.84 | G16: 46273
A17: 5019 | B17: TF3 | C17: ADHESIVO PARA PVC 250 cc | D17: 6 | E17: 6018.48 | G17: 46273
A18: 5020 | B18: TF3 | C18: CREMA ADHESIVA EPOXI BLANCA 150 Gr | D18: 12 | E18: 10319.91 | G18: 46273
A19: 5021 | B19: TF3 | C19: CREMA ADHESIVA EPOXI ACERO 200 Gr | D19: 12 | E19: 10319.91 | G19: 46273
A20: 5082 | B20: TF3 | C20: KIT REPARACION LONAS (PILETAS) | D20: 50 | E20: 2125.92 | G20: 46273
A21: 5099 | B21: TF3 | C21: ADHESIVO CONTACTO 50 CC (POMO) | D21: 24 | E21: 2089.67 | G21: 46273
A22: 5100 | B22: TF3 | C22: ADHESIVO VINILICO 125 G | D22: 12 | E22: 1182.52 | G22: 46273
A23: 5101 | B23: TF3 | C23: ADHESIVO VINILICO 250 G | D23: 12 | E23: 1987.28 | G23: 46273
A24: 5102 | B24: TF3 | C24: ADHESIVO VINILICO 500 G | D24: 12 | E24: 3444.29 | G24: 46273
A25: 5103 | B25: TF3 | C25: ADHESIVO VINILICO 1000 G | D25: 6 | E25: 6332.45 | G25: 46273
A26: 8012 | B26: PEGALO | C26: CIANOACRILATO FRASCO 10 Gr | D26: 10 | E26: 1959.29 | G26: 46268
... A30: 8024 | B30: PEGALO | C30: ADHESIVO DE CONTACTO 500cc | D30: 6 | E30: 7726.73 | G30: 46268
C31: ACCESORIOS
A32: 14182 | B32: 11546 | C32: PISTOLA APLICADORA CARTUCHO REFORZADA | D32: 0 | E32: 7538.01 | G32: 46297
C33: SELLADORES
A34: 5016 | B34: TF3 | C34: SELLADOR DE ROSCAS 25 cc | D34: 80 | E34: 1372.47 | G34: 46273
A35: 5066 | B35: TF3 | C35: AEROSOL POLIURETANO 300ml | D35: 12 | E35: 7704.4 | G35: 46273
A36: 5095 | B36: TF3 | C36: SELLADOR DE SILICONA 25 cm3 | D36: 40 | E36: 1694.05 | G36: 46273
A37: 8001 | B37: PEGALO | C37: SELLADOR SILICONA BLANCA CARTUCHO 280cc | D37: 24 | E37: 4122.32 | G37: 46268
A38: 8003 | B38: PEGALO | C38: SELLADOR SILICONAS ALTA TEMP CART 280 cc | D38: 24 | E38: 5700.32 | G38: 46268
A39: 8004 | B39: PEGALO | C39: SELLADOR SILICONA NEUTRA CARTUCHO 280 cc | D39: 24 | E39: 5246.22 | G39: 46268
A40: 8005 | B40: PEGALO | C40: ADHESIVO SILICONADO BARRAS FINO 7 * 300 | D40: 0 | E40: 13891.82 | G40: 46268
A41: 8006 | B41: PEGALO | C41: ADHESIVO SILICONADO BARRAS GRUESO 11*300 | D41: 0 | E41: 13891.82 | G41: 46268
A42: 8018 | B42: PEGALO | C42: ADHESIVO SELLADOR ZINGUERIA 280cc | D42: 24 | E42: 5810.05 | G42: 46268
A43: 8019 | B43: PEGALO | C43: SELLADOR SILICONA NEGRA CARTUCHO 280cc | D43: 24 | E43: 4122.32 | G43: 46268
A44: 8021 | B44: PEGALO | C44: SELLADOR SILICONA TRANSPARENTE CARTUCHO | D44: 24 | E44: 4122.32 | G44: 46268
A45: 8026 | B45: PEGALO | C45: SELLADOR ACRILICO 280cc PINTABLE | D45: 24 | E45: 3398.53 | G45: 46268
C47: CABOS
A49: 22000 | B49: MOISES | C49: CABO HACHITA VIZCAINA 35cm | D49: 12 | E49: 2126.87 | G49: 46297
A50: 22001 | B50: MOISES | C50: CABO MARTILLO CARPINTERO 30cm | D50: 12 | E50: 723.94 | G50: 46297
A51: 22006 | B51: MOISES | C51: CABO BIFERA | D51: 0 | E51: 990.84 | G51: 46297
A52: 22015 | B52: MOISES | C52: CABO PALA 70cm EMP/MET | D52: 12 | E52: 4341.18 | G52: 46297
A53: 22016 | B53: MOISES | C53: CABO HACHA VIZCAINA 90cm | D53: 12 | E53: 6547.75 | G53: 46297
A54: 22017 | B54: MOISES | C54: CABO PICO 90cm | D54: 12 | E54: 6081.12 | G54: 46297
A55: 22018 | B55: MOISES | C55: CABO AZADA 135cm | D55: 12 | E55: 7430.16 | G55: 46297
A56: 22019 | B56: MOISES | C56: CABO MAZA 35cm | D56: 12 | E56: 997.37 | G56: 46297
A57: 22020 | B57: MOISES | C57: CABO MAZA 90cm | D57: 12 | E57: 3870.87 | G57: 46297
A58: 22021 | B58: MOISES | C58: CABO MARTILLO GALPONERO 60cm | D58: 12 | E58: 3747.27 | G58: 46297
A59: 22022 | B59: MOISES | C59: CABO MARTILLO GALPONERO 35cm | D59: 12 | E59: 1727.72 | G59: 46297
A60: 22028 | B60: MOISES | C60: CABO HACHA 90 cm | D60: 12 | E60: 5195.68 | G60: 46297
... A62: 22032 | B62: MOISES | C62: CABO ESCOBA C/ROSCA 1,20cm | D62: 24 | E62: 1339.77 | G62: 46297
C64: CANDADOS
A65: 18036 | B65: EVOL3185 | C65: CANDADO C/COMBINACION 35mm | D65: 0 | E65: 5341.15 | G65: 46224
A66: 18046 | B66: EVOL3110 | C66: CANDADO BRONCEADO 20mm DUBAI | D66: 12 | E66: 1860.63 | G66: 46224
A67: 18057 | B67: EVOL0183 | C67: ESLINGA FORRADA BIBICLETA 1,20 mts | D67: 0 | E67: 5430.84 | G67: 46224
A68: 18061 | B68: EVOL1500 | C68: CANDADO BLINDADO PERNO HORIZ 60mm | D68: 12 | E68: 9233.87 | G68: 46224
C69: CANDADOS
A70: 3555 | B70: PROLL | C70: CANDADO kronos 60 (4 llaves codif.)(prot | D70: 6 | E70: 16945.4 | G70: 46297
A71: 3558 | B71: PROLL | C71: CANDADO PROLL 700 BRONCE 25mm | D71: 0 | E71: 6376.23 | G71: 46297
A72: 3559 | B72: PROLL | C72: CANDADO PROLL 700 BRONCE 30mm | D72: 0 | E72: 8132.81 | G72: 46297
A73: 3563 | B73: PROLL | C73: CANDADO PLATINO ARO LARGO PROLL 30 | D73: 6 | E73: 6315.95 | G73: 46297
A74: 3566 | B74: PROLL | C74: CANDADO PLATINO ARO LARGO PROLL 60 | D74: 6 | E74: 15778.59 | G74: 46297
A75: 3568 | B75: PROLL | C75: CANDADO PLATINO D/TRABA PROLL 30 | D75: 6 | E75: 5562.77 | G75: 46297
A76: 3569 | B76: PROLL | C76: CANDADO PLATINO D/TRABA PROLL 40 | D76: 6 | E76: 6755.84 | G76: 46297
A77: 3571 | B77: PROLL | C77: CANDADO PLATINO D/TRABA PROLL 60 | D77: 6 | E77: 13616.16 | G77: 46297
A78: 3572 | B78: PROLL | C78: CANDADO TITANIO ARO LARGO PROLL 30 | D78: 6 | E78: 6166.75 | G78: 46297
A79: 3573 | B79: PROLL | C79: CANDADO TITANIO ARO LARGO PROLL 40 | D79: 6 | E79: 7680.49 | G79: 46297
A80: 3574 | B80: PROLL | C80: CANDADO TITANIO ARO LARGO PROLL 50 | D80: 6 | E80: 11744.44 | G80: 46297
A81: 3575 | B81: PROLL | C81: CANDADO TITANIO ARO LARGO PROLL 60 | D81: 6 | E81: 15413.21 | G81: 46297
... A86: 3580 | B86: PROLL | C86: CANDADO TITANIO D/TRABA PROLL 60 | D86: 6 | E86: 13295.5 | G86: 46297
C88: CEPILLOS DE ALAMBRE
A90: 14156 | B90: 9376 | C90: SET CEPILLOS BRONCE P/TALADRO X2 | D90: 0 | E90: 4960.06 | G90: 46297
A91: 25032 | B91: CALABRO | C91: CEPILLO ACERO C/CABO 4X19 | D91: 12 | E91: 3465.18 | G91: 46262
A92: 25033 | B92: CALABRO | C92: CEPILLO ACERO S/CABO 6X19 | D92: 12 | E92: 4160 | G92: 46262
A93: 3859 | B93: RHEIN | C93: CEPILLO REDONDO ACERO ONDULADO 100mm | D93: 12 | E93: 8684.59 | G93: 46297
A94: 3860 | B94: RHEIN | C94: CEPILLO REDONDO ACERO ONDULADO 125mm | D94: 12 | E94: 10101.11 | G94: 46297
A95: 3861 | B95: RHEIN | C95: CEPILLO REDONDO ACERO ONDULADO 150mm | D95: 12 | E95: 15321.41 | G95: 46297
A96: 3862 | B96: RHEIN | C96: CEPILLO REDONDO ACERO ONDULADO 175mm | D96: 12 | E96: 17883.79 | G96: 46297
A97: 3865 | B97: RHEIN | C97: CEPILLO ALAMBRE PLANO TALADRO 100mm | D97: 12 | E97: 4298.47 | G97: 46297
C98: CEPILLOS ALAMBRE
A99: 14004 | B99: 13269 | C99: SET DE 3 CEPILLOS DE ALAMBRE (BLISTER) | D99: 0 | E99: 1999.84 | G99: 46297
A100: 3086 | B100: RHEIN | C100: CEPILLO BRONCEADO CURVO MANGO PLASTICO | D100: 12 | E100: 3683.76 | G100: 46297
A101: 3087 | B101: RHEIN | C101: CEPILLO ALAMBRE DE COPA TALADRO 30mm | D101: 12 | E101: 4881.9 | G101: 46297
A102: 3088 | B102: RHEIN | C102: CEPILLO ALAMBRE DE COPA TALADRO 50mm | D102: 12 | E102: 3558.58 | G102: 46297
A103: 3089 | B103: RHEIN | C103: CEPILLO ALAMBRE DE COPA TALADRO 75mm | D103: 12 | E103: 4613.69 | G103: 46297
A104: 3090 | B104: RHEIN | C104: CEPILLO ALAMBRE PLANO TALADRO 50mm | D104: 12 | E104: 2807.54 | G104: 46297
A105: 3092 | B105: RHEIN | C105: CEPILLO ALAMB COPA RETORCIDO C/TUERCA 75 | D105: 12 | E105: 15182.25 | G105: 46297
A106: 3093 | B106: RHEIN | C106: CEPILLO ALAMB COPA RETORCIDO C/TUERCA 10 | D106: 12 | E106: 22800.47 | G106: 46297
A107: 3094 | B107: RHEIN | C107: CEPILLO ALAMB COPA ONDULADO C/TUERCA 75 | D107: 12 | E107: 6956.26 | G107: 46297
A108: 3095 | B108: RHEIN | C108: CEPILLO ALAMB COPA ONDULADO C/TUERCA 100 | D108: 12 | E108: 11623.67 | G108: 46297
A109: 3096 | B109: RHEIN | C109: CEPILLO ALAMB CONICO RETORC C/TUERCA 75 | D109: 12 | E109: 7904.06 | G109: 46297
A110: 3097 | B110: RHEIN | C110: CEPILLO ALAMB CONICO RETORC C/TUERCA 10 | D110: 12 | E110: 9316.82 | G110: 46297
A111: 3098 | B111: RHEIN | C111: CEPILLO ALAMB CONICO ONDUL C/TUERCA 75 | D111: 12 | E111: 7349.77 | G111: 46297
A112: 3099 | B112: RHEIN | C112: CEPILLO ALAMB CONICO ONDUL C/TUERCA 100 | D112: 12 | E112: 8923.44 | G112: 46297
C114: CINTAS
C115: EMBALAJE
A116: 14187 | C116: MAQUINA PARA EMBALAR CORTE FACIL | D116: 0 | E116: 2901.84 | G116: 46297
A117: 5064 | B117: TF3 | C117: CINTA DE EMBALAJE TRANSPARENTE 40 m 48mm | D117: 36 | E117: 1146.89 | G117: 46273
A118: 5065 | B118: TF3 | C118: CINTA DE EMBALAJE MARRON 40 m 48mm | D118: 36 | E118: 1146.89 | G118: 46273
C119: ENMASCARAR
...
